 Dungeon Crawl Stone Soup version 0.31-a0-636-ge1c0e020e0 (webtiles) character file.

Game seed: 13693212400245541350

324 jlumianski the Chopper (level 6, -3/46 HPs)
             Began as a Demonspawn Gladiator on Aug 27, 2023.
             Slain by Pikel
             ... wielding a +2 whip of electrocution
              (8 damage)
             ... on level 4 of the Dungeon.
             The game lasted 00:11:12 (2838 turns).

jlumianski the Chopper (Demonspawn Gladiator)       Turns: 2838, Time: 00:11:13

Health: -3/46      AC:  7    Str: 17    XL:     6   Next: 23%
Magic:  6/6        EV: 10    Int:  9    God:
Gold:   139        SH:  0    Dex: 14    Spells: 5/5 levels left

rFire   . . .        a - +0 war axe
rCold   . . .        (no shield)
rNeg    + . .        l - +0 scale mail
rPois   .            (helmet restricted)
rElec   .            p - +0 cloak
rCorr   .            (no gloves)
SInv    .            (no boots)
Will    .....        (no amulet) Stlth
                     g - ring of positive energy
HPRegen 0.27/turn    (no ring)
MPRegen 0.10/turn

%: no passive effects
@: hasted, very quick
A: antennae 1, demonic guardian 1, spiny 1
a: no special abilities


You were on level 4 of the Dungeon.
You visited 1 branch of the dungeon, and saw 4 of its levels.

You collected 139 gold pieces.

Inventory:

Hand Weapons
 a - a +0 war axe (weapon)
 k - a +0 dagger
 o - a +4 quarterstaff of chaos
Missiles
 d - 3 throwing nets
 e - a javelin
 f - a poisoned dart (quivered)
Armour
 b - a +0 leather armour
 c - a +1 helmet
 l - a +0 scale mail (worn)
 n - a +2 robe of positive energy
 p - a +0 cloak (worn)
Jewellery
 g - a ring of positive energy (left hand)
Wands
 j - a wand of polymorph (5)
Scrolls
 h - a scroll of poison {unknown}
 m - a scroll of vulnerability
 q - a scroll of silence
 r - a scroll of fog


   Skills:
 + Level 2.8 Fighting
 + Level 5.1 Axes
 + Level 1.8 Throwing
 + Level 1.9 Armour
 + Level 3.3 Dodging
 - Level 0.9 Stealth
 - Level 0.1 Unarmed Combat


You had 5 spell levels left.
You didn't know any spells.
Your spell library was empty.

Dungeon Overview and Level Annotations

Branches:
Dungeon (4/15)
 Temple: D:4-7

Altars:

Annotations:
D:4 Pikel


Innate Abilities, Weirdness & Mutations

You have a pair of small antennae on your head.
A weak demonic guardian rushes to your aid.
You are partially covered in sharp spines.


Message History

It was a potion of haste.
You feel yourself speed up. Pikel is struck by your spines.
Pikel barely misses you. The lemure hits your white imp!
Your white imp gestures at Pikel.
The puff of frost misses Pikel.
As you read the scroll of fear, it crumbles to dust.
You assume a fearsome visage.
Pikel looks frightened!
The lemure looks frightened! x2
You hit Pikel but do no damage.
Your attack snaps Pikel out of his fear.
Pikel is lightly wounded.
Pikel closely misses you.
Your white imp barely misses Pikel.
You closely miss Pikel.
Pikel is lightly wounded.
Pikel zaps a wand.
The puff of flame misses you.
Your white imp hits Pikel but does no damage.
You closely miss Pikel.
Pikel is lightly wounded.
Pikel says, "You'll make a fine lemure."
Pikel is struck by your spines. Pikel misses you.
Your white imp gestures at Pikel.
The puff of frost hits Pikel.
You miss Pikel.
Pikel is heavily wounded.
Pikel is struck by your spines. Pikel barely misses you.
You miss Pikel.
Pikel is heavily wounded.
Your white imp gestures at Pikel.
The puff of frost hits Pikel but does no damage.
You hit Pikel.
Pikel is heavily wounded.
Pikel zaps a wand.
The puff of flame hits you!
* * * LOW HITPOINT WARNING * * *
Your white imp misses Pikel.
You closely miss Pikel.
Pikel is heavily wounded.
Pikel is struck by your spines.
Pikel hits you with a +2 whip of electrocution!
You die...
Pikel says, "Another soul for the market."

#####+## +....#..#....#..
#....#..#....#..
#....#..#....#.. ##
#....#..#....#.. ...
#....#..#....#..
....###+#....'..#....'..
.............#..#....#..
'.............#..#....##'
.....5K@.....#..#....'..
.........##+##..'....#..
...(###### #..#....#..
... #..######.. .. #...#
#... #...# #... #...#
#... ##### ####


You could see Pikel (ally target) and a friendly white imp (summoned).

Vanquished Creatures
  Sigmund (D:2)
  2 lemures (D:3)
  Crazy Yiuf (D:2)
  Terence (D:3)
  An iguana (D:4)
  An adder (D:3)
  A worm (D:3)
  A dart slug (D:2)
  4 ball pythons
  8 endoplasms
  3 giant cockroaches (D:1)
  7 goblins
  5 hobgoblins
  7 jackals (D:1)
  5 quokkas
  2 bats
  3 frilled lizards
  6 kobolds
  8 rats
67 creatures vanquished.

Notes
Turn   | Place    | Note
-------+----------+-------------------------------------------
     0 | D:1      | jlumianski the Demonspawn Gladiator began the quest for the
                  | Orb.
     0 | D:1      | Reached XP level 1. HP: 16/16 MP: 1/1
   150 | D:1      | Found a faded altar of an unknown god.
   369 | D:1      | Reached skill level 3 in Axes
   394 | D:1      | Gained mutation: A weak demonic guardian rushes to your
                  | aid. [demonic ancestry]
   394 | D:1      | Reached XP level 2. HP: 22/22 MP: 2/2
   419 | D:2      | Noticed Sigmund
   906 | D:1      | Reached XP level 3. HP: 23/27 MP: 3/3
  1448 | D:2      | Found a runed translucent door.
  1449 | D:2      | Noticed Crazy Yiuf
  1809 | D:1      | Reached skill level 1 in Armour
  1855 | D:2      | Killed Sigmund
  1856 | D:2      | Reached skill level 4 in Axes
  1856 | D:2      | Reached XP level 4. HP: 34/34 MP: 4/4
  1856 | D:2      | Gained mutation: You are partially covered in sharp spines.
                  | [demonic ancestry]
  1856 | D:2      | Reached XP level 5. HP: 39/39 MP: 5/5
  1966 | D:2      | Killed Crazy Yiuf
  2224 | D:3      | Reached skill level 5 in Axes
  2224 | D:3      | Gained mutation: You have a pair of small antennae on your
                  | head. [demonic ancestry]
  2224 | D:3      | Reached XP level 6. HP: 33/46 MP: 6/6
  2350 | D:3      | Noticed Terence
  2359 | D:3      | Killed Terence
  2576 | D:4      | Noticed Pikel
  2838 | D:4      | Slain by Pikel

Illustrated notes

Levels and vault maps discovered:
D:1:      sevenhm_arrival_forest_fort_large_2, layout_loops_corners,
          basic_ecumenical_altar, kennysheep_minor_cross
D:2:      layout_rooms, minmay_split_cup_large, uniq_sigmund,
          uniq_crazy_yiuf_cottage
D:3:      layout_rooms, tso_altar, uniq_terence
D:4:      layout_gridville, uniq_blork_the_orc, uniq_pikel, uniq_edmund

Skill      XL: |  1  2  3  4  5 |
---------------+----------------+-----
Axes           | 3 4 5 |  5.1
Dodging        | 3 |  3.3
Armour         | 1 |  1.9
Fighting       | |  2.8
Throwing       | |  1.8
Stealth        | |  0.9
Unarmed Combat | |  0.1

Action                     |  1- 3 |  4- 6 || total
---------------------------+-------+-------++-------
  Melee: War axe           |   138 |    59 ||   197
         Unarmed           |     2 |       ||     2
         Punch             |       |     2 ||     2
  Throw: Dart              |       |     8 ||     8
    Use: Potion            |     1 |     1 ||     2
         Scroll            |       |     7 ||     7
   Stab: Sleeping          |     2 |       ||     2
 Armour: Leather armour    |    41 |       ||    41
         Scale mail        |    12 |    17 ||    29
         Skin              |     3 |       ||     3
  Dodge: Dodged            |    88 |    29 ||   117

Table legend: (Time is in decaauts)
 A = Elapsed time spent in this place.
 B = Non-inter-level travel time spent in this place.
 C = Inter-level travel time spent in this place.
 D = Time resting spent in this place.
 E = Time spent auto-exploring this place.
 F = Levels seen in this place.
 G = Mean time per level.
                   A        B        C        D        E       F      G
               +--------+--------+--------+--------+--------+-----+--------+
         Total |   2893 |   2791 |    102 |    134 |   1582 |   4 |  723.2 |
       Dungeon |   2893 |   2791 |    102 |    134 |   1582 |   4 |  723.2 |
               +--------+--------+--------+--------+--------+-----+--------+

Top non-repeatable levels by time:
     D:1: 1336 daAuts
     D:2: 718 daAuts
     D:3: 641 daAuts
     D:4: 196 daAuts
